Map: Vigía EE

Players

FooteSoldier

  • Race: Terran Terran
  • Spawn Location: 6:00

Doug

  • Race: Protoss Protoss
  • Spawn Location: 5:00

Callhimburg

  • Race: Protoss Protoss
  • Spawn Location: 5:00

MrFercho - Winner!

  • Race: Zerg Zerg
  • League: Gold
  • Spawn Location: 12:00

tigro - Winner!

  • Race: Terran Terran
  • League: Bronze
  • Spawn Location: 9:00

TATORREA - Winner!

  • Race: Protoss Protoss
  • League: Gold
  • Spawn Location: 9:00

VOD

Have the link to the VOD?

Description

Time

  • Played on: July 27, 2020, 8:51 p.m.
  • Length: 9:12
Show
View Real Time Build Order
Export as new Build Order

FooteSoldier Terran 

Build Orders:  

Get SALT Encoding   

  12  0:01  SCV  
  13  0:13  SCV  
  14  0:25  SCV  
  15  0:35  Supply Depot  
  15  0:45  Supply Depot  
  15  0:56  SCV  
  16  1:05  Barracks  
  16  1:09  SCV  
  17  1:14  Barracks  
  17  1:24  SCV  
  18  1:32  Barracks  
  18  1:48  SCV  
  18  1:52  Marine  
  20  2:07  Orbital Command  
  20  2:12  Marine  
  20  2:13  Refinery  
  21  2:18  Marine x2  
  21  2:19  Refinery  
  23  2:32  Marine  
  24  2:51  Command Center, Engineering Bay  
  24  2:53  Barracks Tech Lab  
  24  2:58  Marine x2  
  26  2:59  SCV  
  27  3:15  Combat Shield  
  27  3:17  Marine x3  
  27  3:19  SCV  
  31  3:23  Missile Turret  
  31  3:38  Missile Turret  
  31  3:44  Supply Depot  
  31  3:48  Supply Depot  
  31  4:03  SCV  
  31  4:06  Refinery  
  31  4:08  Orbital Command  
  32  4:15  SCV  
  33  4:18  Marine  
  33  4:19  Marine  
  33  4:20  Marine  
  36  4:41  Refinery  
  36  4:47  Barracks Reactor  
  36  4:53  Marine  
  36  4:54  Factory  
  36  4:55  Sensor Tower  
  36  4:56  SCV x2  
  39  5:02  Stimpack  
  39  5:20  SCV x2  
  41  5:29  Sensor Tower  
  41  5:32  Marine  
  42  5:39  Sensor Tower, Barracks Reactor  
  42  5:43  Factory Reactor  
  42  5:44  Starport  
  42  5:45  Marine x2  
  44  5:53  SCV x2  
  46  6:05  Supply Depot  
  46  6:07  Supply Depot  
  46  6:08  Marine  
  46  6:09  Marine x2  
  49  6:17  Marine x2  
  51  6:20  Widow Mine x2  
  51  6:21  Starport Reactor  
  51  6:25  Terran Infantry Weapons Level 1  
  55  6:32  Engineering Bay  
  55  6:37  SCV  
  55  6:38  SCV  
  57  6:40  Armory  
  57  7:00  Marine x4  
  57  7:01  Marine  
  62  7:29  Medivac x2  
  66  7:38  Marine x4  
  66  7:39  Marine  
  70  7:55  Marine  
  43  8:22  Marine x2  
  43  8:23  Marine x3  
  45  8:40  Marine x3  
  45  8:41  Marine  
Show
View Real Time Build Order
Export as new Build Order

Doug Protoss 

Build Orders:  

Get SALT Encoding   

  12  0:10  Probe  
  13  0:22  Probe (Chrono Boost)  
  14  0:34  Probe (Chrono Boost)  
  15  0:47  Pylon  
  15  0:57  Assimilator  
  15  1:05  Probe  
  16  1:17  Probe  
  16  1:18  Pylon  
  17  1:29  Probe  
  18  2:09  Assimilator  
  18  2:11  Probe  
  19  2:23  Probe  
  19  2:25  Gateway  
  19  2:26  Gateway  
  19  2:28  Gateway  
  20  2:51  Nexus  
  20  2:59  Probe (Chrono Boost)  
  21  3:11  Gateway, Probe (Chrono Boost)  
  22  3:15  Gateway  
  22  3:16  Probe (Chrono Boost)  
  23  3:28  Gateway  
  23  3:36  Assimilator  
  23  3:41  Assimilator  
  23  4:04  Zealot x3  
  23  4:05  Zealot  
  31  4:18  Pylon  
  31  4:26  Pylon  
  31  4:29  Probe  
  31  4:30  Zealot x2  
  32  4:31  Zealot  
  32  4:32  Zealot  
  32  4:38  Zealot  
  40  4:41  Probe (Chrono Boost)  
  40  4:42  Zealot  
  45  4:48  Zealot  
  45  4:49  Probe (Chrono Boost)  
  46  4:54  Probe (Chrono Boost)  
  49  5:01  Probe (Chrono Boost)  
  50  5:22  Pylon  
  50  5:33  Cybernetics Core  
  50  5:44  Probe  
  51  5:57  Probe  
  52  6:09  Probe (Chrono Boost)  
  54  6:20  Probe (Chrono Boost)  
  54  6:25  Probe (Chrono Boost)  
  54  6:32  Stalker x4  
  61  6:33  Stalker x2  
  61  6:35  Probe  
  68  6:47  Probe  
  68  6:53  Pylon  
  69  6:58  Forge  
  69  6:59  Probe  
  70  7:10  Stalker x3  
  70  7:11  Stalker  
  78  7:24  Probe  
  64  7:36  Probe  
  45  7:41  Zealot x5  
  45  7:42  Zealot  
  40  7:48  Probe  
  17  8:08  Zealot x2  
Show
View Real Time Build Order
Export as new Build Order

Callhimburg Protoss 

Build Orders:  

Get SALT Encoding   

  12  0:01  Probe (Chrono Boost)  
  13  0:13  Probe (Chrono Boost)  
  14  0:20  Pylon  
  14  0:25  Probe  
  15  0:42  Gateway  
  15  0:45  Probe  
  16  0:58  Forge  
  16  1:01  Probe (Chrono Boost)  
  16  1:03  Assimilator  
  17  1:13  Probe (Chrono Boost)  
  18  1:33  Pylon, Zealot  
  20  1:57  Cybernetics Core  
  20  2:19  Photon Cannon  
  20  2:35  Nexus  
  20  2:42  Assimilator, Pylon  
  20  3:01  Assimilator, Probe (Chrono Boost)  
  20  3:04  Warp Gate  
  21  3:11  Probe (Chrono Boost)  
  22  3:16  Probe (Chrono Boost)  
  22  3:18  Photon Cannon  
  23  3:21  Photon Cannon  
  23  3:23  Assimilator  
  23  3:24  Adept  
  25  3:28  Probe  
  26  3:40  Probe (Chrono Boost)  
  27  3:51  Probe (Chrono Boost)  
  28  3:56  Probe (Chrono Boost)  
  28  4:00  Stargate  
  29  4:04  Photon Cannon  
  29  4:13  Pylon  
  29  4:26  Zealot  
  29  4:29  Probe (Chrono Boost)  
  29  4:31  Robotics Facility  
  34  4:39  Probe (Chrono Boost)  
  34  4:40  Probe (Chrono Boost)  
  35  4:46  Probe (Chrono Boost)  
  35  4:48  Probe (Chrono Boost)  
  35  4:51  Probe (Chrono Boost)  
  36  4:56  Probe (Chrono Boost)  
  38  5:01  Pylon  
  39  5:08  Probe (Chrono Boost)  
  39  5:12  Protoss Shields Level 1  
  39  5:14  Probe (Chrono Boost)  
  40  5:22  Probe  
  40  5:25  Protoss Air Weapons Level 1  
  41  5:30  Observer  
  41  5:32  Fleet Beacon  
  41  5:34  Probe  
  43  5:49  Probe (Chrono Boost)  
  44  5:52  Probe (Chrono Boost)  
  45  6:00  Pylon  
  45  6:02  Probe (Chrono Boost)  
  45  6:03  Probe (Chrono Boost)  
  47  6:09  Probe (Chrono Boost)  
  47  6:10  Pylon, Probe (Chrono Boost)  
  49  6:12  Pylon  
  49  6:21  Probe (Chrono Boost)  
  49  6:22  Probe (Chrono Boost)  
  51  6:26  Probe (Chrono Boost)  
  51  6:30  Carrier, Probe  
  59  6:34  Photon Cannon  
  59  6:37  Photon Cannon, Probe  
  60  6:46  Observer  
  61  6:49  Probe  
  62  6:56  Photon Cannon  
  62  6:59  Photon Cannon  
  62  7:01  Stargate  
  62  7:06  Stargate  
  62  7:29  Adept  
  64  7:56  Carrier  
  64  7:57  Carrier  
  74  8:18  Stalker  
  76  8:23  Immortal  
Show
View Real Time Build Order
Export as new Build Order

MrFercho Zerg - Winner!

Build Orders: Hatch First 

Get SALT Encoding   

  12  0:01  Drone  
  13  0:16  Overlord  
  13  0:21  Drone  
  14  0:34  Drone x2  
  16  0:59  Hatchery  
  16  1:01  Drone  
  16  1:05  Drone  
  16  1:09  Drone  
  19  1:24  Extractor, Drone  
  18  1:33  Spawning Pool  
  18  1:36  Drone  
  18  1:44  Drone  
  19  1:55  Drone  
  20  2:06  Overlord  
  20  2:12  Drone  
  21  2:20  Queen x2  
  21  2:21  Overlord  
  26  2:22  Drone  
  26  2:29  Zergling x2  
  27  2:33  Zergling x2  
  28  2:38  Drone  
  29  2:45  Drone  
  30  2:53  Drone  
  30  2:55  Drone  
  32  2:59  Lair  
  32  3:05  Metabolic Boost  
  32  3:07  Queen  
  32  3:09  Drone x2  
  36  3:14  Overlord  
  36  3:18  Drone  
  37  3:21  Drone  
  37  3:26  Drone  
  39  3:30  Drone  
  39  3:31  Drone x2  
  42  3:39  Drone x3  
  45  3:48  Roach Warren  
  45  3:54  Extractor  
  43  3:56  Extractor, Drone x3  
  43  4:00  Drone  
  43  4:01  Drone  
  47  4:06  Queen  
  49  4:11  Drone  
  49  4:16  Extractor  
  49  4:17  Drone  
  49  4:20  Drone x2  
  52  4:24  Overlord x4  
  52  4:33  Glial Reconstitution  
  52  4:41  Evolution Chamber  
  52  4:43  Drone x2  
  53  4:46  Roach x5  
  63  4:55  Drone  
  64  5:15  Zerg Missile Weapons Level 1  
  64  5:18  Roach  
  64  5:19  Roach x6  
  78  5:30  Evolution Chamber  
  77  5:40  Roach x3  
  83  5:54  Hatchery  
  83  5:57  Drone  
  83  6:01  Zerg Ground Armor Level 1  
  83  6:04  Overlord x4  
  83  6:18  Drone  
  84  6:24  Roach x6  
  84  6:25  Roach  
  98  6:26  Overlord  
  98  6:56  Infestation Pit  
  98  6:59  Hatchery  
  98  7:00  Roach  
  98  7:01  Roach x10  
  118  7:14  Roach x2  
  118  7:15  Roach x3  
  128  7:28  Overlord x3  
  107  7:45  Roach x7  
  120  7:57  Ravager x2  
  120  7:58  Ravager x6  
  122  8:00  Roach x3  
  122  8:01  Roach  
  124  8:48  Roach x14  
Show
View Real Time Build Order
Export as new Build Order

tigro Terran - Winner!

Build Orders: 2 Factory 

Get SALT Encoding   

  12  0:12  Supply Depot  
  12  0:13  SCV  
  13  0:25  SCV  
  14  0:37  SCV  
  14  0:39  Barracks  
  15  0:45  Refinery  
  15  0:49  SCV  
  16  1:01  SCV  
  17  1:13  SCV  
  18  1:19  Refinery  
  18  1:25  SCV  
  18  1:27  Marine  
  20  1:37  SCV  
  21  1:44  Supply Depot, Marine  
  22  1:50  SCV  
  23  2:05  Marine  
  23  2:06  SCV  
  25  2:14  Factory  
  25  2:18  SCV  
  26  2:23  Marine  
  27  2:31  Orbital Command  
  27  2:40  Engineering Bay  
  27  2:41  Marine  
  28  2:59  Factory, Factory Tech Lab  
  28  3:05  Barracks Tech Lab  
  28  3:17  Terran Infantry Weapons Level 1  
  28  3:37  Armory  
  28  3:40  Widow Mine  
  30  3:50  Factory Tech Lab  
  30  4:02  Widow Mine  
  32  4:13  Command Center  
  32  4:17  Mag-Field Accelerator  
  32  4:43  Drilling Claws  
  32  5:05  Refinery  
  32  5:12  Terran Infantry Armor Level 1  
  32  5:15  Missile Turret  
  32  5:26  SCV  
  32  5:28  Refinery  
  33  5:36  Missile Turret  
  33  5:38  SCV  
  34  5:47  Thor  
  40  5:50  SCV  
  41  5:58  Missile Turret  
  41  6:02  Smart Servos, SCV  
  42  6:15  SCV  
  42  6:16  Combat Shield  
  43  6:19  Missile Turret  
  43  6:27  SCV  
  44  6:34  Thor  
  44  6:39  SCV  
  51  6:41  Missile Turret  
  51  6:51  SCV  
  52  7:00  Thor  
  58  7:06  Hi-Sec Auto Tracking  
  58  7:23  SCV  
  59  7:35  SCV  
  60  7:47  SCV  
  61  7:59  SCV  
  62  8:12  SCV  
Show
View Real Time Build Order
Export as new Build Order

TATORREA Protoss - Winner!

Build Orders:  

Get SALT Encoding   

  12  0:04  Probe  
  13  0:16  Probe  
  14  0:24  Pylon  
  14  0:28  Probe  
  15  0:42  Probe  
  16  0:49  Gateway  
  16  1:00  Probe  
  17  1:15  Probe  
  18  1:19  Assimilator  
  18  1:24  Pylon  
  18  1:25  Pylon  
  18  1:47  Nexus  
  17  1:50  Cybernetics Core  
  17  1:53  Pylon  
  17  1:55  Probe  
  18  2:03  Assimilator  
  18  2:07  Probe (Chrono Boost)  
  19  2:19  Probe (Chrono Boost)  
  20  2:26  Warp Gate  
  20  2:27  Probe (Chrono Boost)  
  21  2:33  Probe  
  22  2:41  Gateway  
  22  2:43  Gateway  
  22  2:45  Probe  
  23  2:53  Zealot  
  23  2:57  Probe  
  26  3:00  Probe  
  27  3:09  Twilight Council  
  27  3:10  Probe  
  28  3:13  Probe  
  29  3:22  Probe  
  29  3:25  Probe  
  31  3:33  Robotics Facility  
  31  3:34  Probe  
  32  3:37  Probe  
  32  3:39  Zealot  
  35  3:41  Charge (Chrono Boost)  
  35  3:46  Probe  
  36  3:49  Probe  
  37  3:58  Probe  
  37  4:02  Probe  
  39  4:09  Gateway  
  39  4:10  Probe  
  39  4:12  Gateway  
  39  4:14  Probe  
  41  4:22  Probe  
  42  4:25  Assimilator  
  42  4:26  Probe  
  42  4:28  Assimilator  
  43  4:34  Probe, Warp Prism  
  46  4:38  Probe  
  47  4:46  Probe  
  47  4:50  Probe  
  49  5:01  Gateway  
  49  5:03  Gateway  
  49  5:08  Pylon, Probe  
  50  5:14  Immortal (Chrono Boost)  
  54  5:22  Pylon  
  54  5:28  Nexus  
  54  5:31  Pylon  
  54  5:35  Pylon  
  54  5:38  Probe  
  54  5:39  Probe  
  56  5:46  Observer  
  57  5:51  Probe x2  
  59  6:00  Gateway  
  59  6:03  Probe x2  
  61  6:05  Gateway  
  61  6:09  Pylon  
  61  6:15  Pylon, Probe x2  
  63  6:24  Stargate  
  63  6:27  Probe x2  
  65  6:33  Assimilator  
  65  6:37  Assimilator  
  65  6:39  Probe x2  
  67  6:48  Zealot  
  67  6:49  Zealot x3  
  67  6:50  Zealot x3  
  81  6:56  Immortal, Blink (Chrono Boost)  
  85  7:03  Probe x3  
  88  7:15  Probe x3  
  91  7:27  Probe  
  91  7:29  Zealot x2  
  96  7:30  Zealot x4  
  96  7:31  Zealot x3  
  83  7:58  Zealot  
  83  7:59  Zealot x4  
  83  8:00  Zealot x3  
  83  8:01  Zealot  
  75  8:23  Sentry  
  75  8:24  Stalker x2  
  75  8:25  Stalker x3  
  75  8:26  Stalker x3  
  93  8:57  Zealot x4  
  93  8:58  Zealot x4  
  93  8:59  Zealot  
Tags
 
Add a new tag
Caveats
  • Supply blocks, unpowered buildings, or Contaminate may cause inaccurate times.
  • Supply counts are checked every 10 seconds.